 Dungeon Crawl Stone Soup version 0.31.0-9-g3a7656b989 (webtiles) character file.

Game seed: 12482439775145104622

46 Eitelfritz the Slasher (level 3, -1/30 HPs)
             Began as a Minotaur Gladiator on Feb 3, 2024.
             Slain by a dart slug (3 damage)
             ... on level 2 of the Dungeon.
             The game lasted 00:01:10 (1002 turns).

Eitelfritz the Slasher (Minotaur Gladiator)         Turns: 1002, Time: 00:01:10

Health: -1/30      AC:  3    Str: 18    XL:     3   Next: 46%
Magic:  2/2        EV: 12    Int:  7    God:
Gold:   19         SH:  0    Dex: 11    Spells: 2/2 levels left

rFire   . . .        a - +0 long sword
rCold   . . .        (no shield)
rNeg    . . .        b - +0 leather armour
rPois   .            c - +0 hat
rElec   .            (no cloak)
rCorr   .            (no gloves)
SInv    +            (no boots)
Will    .....        (no amulet)
Stlth   +            h - ring of see invisible
HPRegen 0.25/turn    (no ring)
MPRegen 0.08/turn

%: no passive effects
@: slowed, very slow
A: horns 2, retaliatory headbutt
a: no special abilities


You were on level 2 of the Dungeon.
You visited 1 branch of the dungeon, and saw 2 of its levels.

You collected 19 gold pieces.

Inventory:

Hand Weapons
 a - a +0 long sword (weapon)
Missiles
 d - 3 throwing nets (quivered)
 e - a javelin
Armour
 b - a +0 leather armour (worn)
 c - a +0 hat (worn)
Jewellery
 h - a ring of see invisible (left hand)
Scrolls
 f - a scroll of teleportation {unknown}
 g - 2 scrolls of identify {unknown}
 i - a scroll of amnesia {unknown}
 j - a scroll of enchant armour {unknown}


   Skills:
 + Level 2.9 Fighting
 + Level 4.6 Long Blades
 + Level 2.0 Throwing
 + Level 1.1 Armour
 + Level 3.6 Dodging


You had 2 spell levels left.
You didn't know any spells.
Your spell library contained the following spells:

 Spells                   Type           Power      Damage    Failure   Level
 Necrotise                Necr           0%         1d4       50%         1
 Vampiric Draining        Necr           0%         2d6       86%         3
 Martyr's Knell           Necr/Summ      0%         N/A       99%         4
 Curse of Agony           Necr           0%         N/A       100%        5


Dungeon Overview and Level Annotations

Branches:
Dungeon (2/15)

Altars:


Innate Abilities, Weirdness & Mutations

You have a pair of horns on your head.
You reflexively headbutt those who attack you in melee.


Message History

Natasha is severely wounded.
The cerulean imp hits you from afar with a +1 spear.
Natasha claws you but does no damage.
The cerulean imp hits you from afar with a +1 spear.
You closely miss Natasha. Your headbutt misses Natasha.
Natasha is severely wounded.
Natasha claws you.
* * * LOW HITPOINT WARNING * * *
The cerulean imp completely misses you. The dart slug bites you.
* * * LOW HITPOINT WARNING * * *
Natasha claws you but does no damage.
You closely miss Natasha.
Natasha is severely wounded.
The cerulean imp closely misses you.
Natasha stares at you and mumbles some strange words.
You feel yourself slow down.
The dart slug bites you but does no damage.
Unknown command.
You hit Natasha.
Natasha is severely wounded.
The cerulean imp barely misses you. Natasha closely misses you.
The cerulean imp barely misses you.
The dart slug bites you but does no damage.
Natasha stares at you and mumbles some strange words.
The magic dart hits you.
* * * LOW HITPOINT WARNING * * *
You aren't carrying any potions.
You barely miss Natasha. You headbutt Natasha.
Natasha is almost dead.
The cerulean imp closely misses you.
Natasha mumbles some strange words.
The dart slug barely misses you. You furiously retaliate!
You headbutt the dart slug.
The cerulean imp hits you but does no damage.
You hit Natasha.
You kill Natasha!
Natasha screams in fury as she dies!
The cerulean imp disappears in a puff of smoke! x2
The dart slug bites you.
You die...

###.#####
#..####.#..#
#†....# #..#
###### #.###.#
#..# #.# #.#
#..# #.. #.#
#..# #.# #.# #.#
#)# ###
#.#.#)#####<....
#.......@.§.....
##..###.w#######
##. #.§.# #
.##... )# .....
.. ##...# ##
...# ##.


You could see a dart slug.

Vanquished Creatures
  Natasha (D:2)
  A ribbon worm (D:2)
  7 ball pythons
  3 endoplasms
  2 giant cockroaches
  5 hobgoblins (D:1)
  5 jackals
  3 quokkas
  A bat (D:1)
  A frilled lizard (D:1)
  3 goblins
  5 kobolds
37 creatures vanquished.

Notes
Turn   | Place    | Note
-------+----------+-------------------------------------------
     0 | D:1      | Eitelfritz the Minotaur Gladiator began the quest for the
                  | Orb.
     0 | D:1      | Reached XP level 1. HP: 18/18 MP: 0/0
   122 | D:1      | Reached XP level 2. HP: 25/25 MP: 1/1
   145 | D:1      | Reached skill level 4 in Long Blades
   939 | D:2      | Reached XP level 3. HP: 30/30 MP: 2/2
   970 | D:2      | Reached skill level 1 in Armour
   990 | D:2      | Noticed Natasha
  1000 | D:2      | HP: 1/30 [Natasha/magic dart (6)]
  1002 | D:2      | Killed Natasha
  1002 | D:2      | Slain by a dart slug

Illustrated notes

Levels and vault maps discovered:
D:1:      eino_arrival_cavern_d, layout_basic
D:2:      layout_loops_ring, hangedman_decor_push, minmay_vboxes, uniq_natasha

Skill      XL: |  1  2  3 |
---------------+----------+-----
Long Blades    | 4 |  4.6
Armour         | 1 |  1.1
Fighting       | |  2.9
Throwing       | |  2.0
Dodging        | |  3.6

Action                     || total
---------------------------++-------
  Melee: Long sword        ||    70
         Headbutt          ||     7
 Armour: Leather armour    ||    44
  Dodge: Dodged            ||    72
